 Dungeon Crawl Stone Soup version 0.27-a0-1312-g5cdb2b3542 (webtiles) character file.

Game seed: 15853422719706172335

27 flotson the Sneak (level 2, -6/24 HPs)
             Began as a Demonspawn Delver on June 20, 2021.
             Killed by nerve-wracking pain
             ... invoked by a shadow imp
              (14 damage)
             ... on level 5 of the Dungeon.
             The game lasted 00:02:10 (342 turns).

flotson the Sneak (Demonspawn Delver)                Turns: 342, Time: 00:02:10

Health: -6/24      AC:  3    Str: 12    XL:     2   Next: 93%
Magic:  2/2        EV: 12    Int: 11    God:
Gold:   27         SH:  0    Dex: 14    Spells: 1/1 levels left

rFire    . . .     SeeInvis .   a - +0 hand axe
rCold    . . .     Faith    .   (no shield)
rNeg     . . .     Spirit   .   b - +0 leather armour
rPois    .         Reflect  .   (no helmet)
rElec    .         Harm     .   (no cloak)
rCorr    .         Rampage  .   (no gloves)
Will     .....                  (no boots)
Stlth    ++........             (no amulet)
HPRegen  0.08/turn              (no ring)
MPRegen  0.08/turn              (no ring)

@: hasted, very quick
A: talons 1
a: no special abilities


You were on level 5 of the Dungeon.
You visited 1 branch of the dungeon, and saw 1 of its levels.

You collected 27 gold pieces.

Inventory:

Hand Weapons
 a - a +0 hand axe (weapon)
Missiles
 i - 5 atropa-tipped darts (quivered)
Armour
 b - a +0 leather armour (worn)
 h - a +1 robe of cold resistance
Wands
 g - a wand of digging (3)
Scrolls
 c - a scroll of fog


   Skills:
 + Level 3.2 Fighting
 + Level 2.1 Axes
 + Level 0.8 Throwing
 + Level 0.8 Armour
 + Level 2.1 Dodging
 - Level 4.5 Stealth


You had one spell level left.
You didn't know any spells.
Your spell library was empty.

Dungeon Overview and Level Annotations

Branches:
Dungeon (5/15)
 Temple: D:4-7

Altars:


Innate Abilities, Weirdness & Mutations

You have sharp toenails.


Message History

Throw: 7 darts (atropa)
Press: ? - help, Q - select action Shift-Dir - straight line, f - orc priest
Aim: an orc priest, wielding a +0 falchion and wearing a +0 leather armour (59% to hit, chance to blind on hit: 86%)
You throw an atropa-tipped dart.
The atropa-tipped dart hits the orc priest.
The orc priest appears confused.
The orc priest seems less confused.
You see here an atropa-tipped dart.
You barely miss the orc priest.
You claw the orc priest, but do no damage.
The orc priest is no longer blind.
The orc priest calls down the wrath of Beogh upon you.
Beogh smites you!
Ouch! That really hurt!
Throw: 6 darts (atropa)
Press: ? - help, Q - select action Shift-Dir - straight line, f/p - orc priest
Aim: an orc priest, wielding a +0 falchion and wearing a +0 leather armour (59% to hit, chance to blind on hit: 87%)
You throw an atropa-tipped dart.
The atropa-tipped dart closely misses the orc priest.
The orc priest hits you with a +0 falchion.
* * * LOW HITPOINT WARNING * * *
As you read the scroll of fear, it crumbles to dust.
You assume a fearsome visage.
The orc priest looks frightened!
The phantom is unaffected.
You feel yourself speed up.
You see here 12 gold pieces.
Found 17 gold pieces.
Found a stone staircase leading down.
A shadow imp comes into view.
Found 12 gold pieces.
The shadow imp shouts, "Escape, thou ducking unchin-snouted lewdster!"
The shadow imp shouts, "Fly, thou rough-hewn toad-spotted yak-dropping!"
A quokka comes into view.
The quokka moves out of view.
Found a stone staircase leading up.
The shadow imp barely misses you. The shadow imp gestures at you.
Pain shoots through your body!
Ouch! That really hurt!
You die...

*,,,,,******,**** ***,,,,,,,
**,,............###*,,,,,,,,
**#...............,,,,,****
**.................,,,,**
**,.................*****
**,,.................,**
**,,..............<...,,******
**,,,.....$............,,,*,,,**
**,,,,..........@r......,,,,,,,,,
*,,,,,........5.........,,,,,,***
,,,,,,.........###......,,,,,**
,,,,,,.........# *####..,,,,,,**
,,,,,,.........## **.,,,,,,,**
,,,,,,,...#>....######*,,,****,,*
,,,,,,,..##...........,,,** **,,
,,,,,,,.*#.........##,,,** **,
*,,,,,,*#..###..####***** **


You could see a shadow imp and a quokka.

Vanquished Creatures
  An orc wizard (D:5)
  2 orcs (D:5)
3 creatures vanquished.

Notes
Turn   | Place    | Note
-------+----------+-------------------------------------------
     0 | D:5      | flotson the Demonspawn Delver began the quest for the Orb.
     0 | D:5      | Reached XP level 1. HP: 18/18 MP: 1/1
   103 | D:5      | Noticed an orc wizard
   128 | D:5      | Killed an orc wizard
   129 | D:5      | Gained mutation: You have sharp toenails. [demonic
                  | ancestry]
   129 | D:5      | Reached XP level 2. HP: 11/24 MP: 2/2
   129 | D:5      | HP: 1/24 [orc (7)]
   215 | D:5      | Noticed a phantom
   342 | D:5      | Killed from afar by a shadow imp

Illustrated notes

Levels and vault maps discovered:
D:5:      layout_layer_cave

Skill      XL: |  1 |
---------------+----+-----
Axes           | 2 |  2.1
Dodging        | 2 |  2.1
Fighting       | |  3.2
Throwing       | |  0.8
Armour         | |  0.8
Stealth        | |  4.5

Action                   || total
-------------------------++-------
Melee: Hand axe          ||    14
       Kick              ||     4
Throw: Dart              ||     4
  Use: Scroll            ||     2
       Potion            ||     2
 Stab: Invisible         ||     2
Dodge: Dodged            ||    10

Table legend: (Time is in decaauts)
 A = Elapsed time spent in this place.
 B = Non-inter-level travel time spent in this place.
 C = Inter-level travel time spent in this place.
 D = Time resting spent in this place.
 E = Time spent auto-exploring this place.
 F = Levels seen in this place.
 G = Mean time per level.
                   A        B        C        D        E       F      G
               +--------+--------+--------+--------+--------+-----+--------+
         Total |    336 |    336 |      0 |     47 |    149 |   1 |  336.0 |
       Dungeon |    336 |    336 |      0 |     47 |    149 |   1 |  336.0 |
               +--------+--------+--------+--------+--------+-----+--------+

Top non-repeatable levels by time:
     D:5: 336 daAuts
